 Dungeon Crawl Stone Soup version 0.21.1-1-g345015f (webtiles) character file.

273 grindst0ne the Covert (level 6, 0/28 HPs)
             Began as a Spriggan Enchanter on Feb 27, 2018.
             Slain by a two-headed ogre
             ... wielding a +0 giant club
              (28 damage)
             ... on level 4 of the Dungeon.
             The game lasted 00:10:35 (4089 turns).

grindst0ne the Covert (Spriggan Enchanter)          Turns: 4089, Time: 00:10:36

Health: 0/28       AC:  1    Str:  4    XL:     6   Next: 2%
Magic:  5/11       EV: 18    Int: 19    God:
Gold:   118        SH:  2    Dex: 16    Spells: 7/10 levels left

rFire    . . .     SeeInvis +   l - +2 dagger (venom)
rCold    . . .     Gourm    .   (shield restricted)
rNeg     . . .     Faith    .   j - -1 robe (curse)
rPois    .         Spirit   .   (helmet restricted)
rElec    .         Reflect  +   (no cloak)
rCorr    .         Harm     .   (gloves unavailable)
MR       +....     Rnd*Tele +   (boots unavailable)
Stlth    +++++.....             g - +2 amulet of reflection
HPRegen  0.09/turn              k - ring of stealth
MPRegen  0.12/turn              q - ring of teleportation (curse)

@: very quick
A: very small, unfitting armour, see invisible, herbivore, speed 3, slow
metabolism 2
a: no special abilities


You were on level 4 of the Dungeon.
You were very hungry.

You visited 1 branch of the dungeon, and saw 4 of its levels.

You collected 118 gold pieces.

Inventory:

Hand Weapons
 l - a +2 dagger of venom (weapon)
 p - a +1 rapier
Armour
 b - a +1 robe
 j - a cursed -1 robe (worn)
Jewellery
 g - a +2 amulet of reflection (around neck)
 k - a ring of stealth (left hand)
 o - an uncursed ring of flight
 q - a cursed ring of teleportation (right hand)
Scrolls
 e - 2 scrolls of magic mapping
 r - a scroll of blinking
Potions
 a - 2 potions of mutation
 f - a potion of heal wounds
 h - a potion of flight
 n - 2 potions of resistance
Books
 c - a book of Maledictions

   Spells                             Type                      Level
   a - Corona                         Hexes                        1
   b - Ensorcelled Hibernation        Hexes/Ice                    2
   c - Confuse                        Hexes                        3
   d - Tukima's Dance                 Hexes                        3
   e - Dazzling Spray                 Conjuration/Hexes            3
Comestibles
 d - 3 rations


   Skills:
 - Level 1.1 Short Blades
 - Level 3.0 Dodging
 + Level 8.0 Stealth
 - Level 2.6 Spellcasting
 + Level 6.3 Hexes


You had 7 spell levels left.
You knew the following spells:

 Your Spells              Type           Power        Failure   Level  Hunger
a - Corona                Hex            ####...      1%          1    None
b - Ensorcelled Hibernat  Hex/Ice        ##....       6%          2    ##.....


Dungeon Overview and Level Annotations

Branches:
Dungeon (4/15)
 Temple: D:4-7

Altars:
Makhleb
Qazlal


Innate Abilities, Weirdness & Mutations

You are very small and have problems with some larger weapons.
You are too small for most types of armour.
You have supernaturally acute eyesight. (SInv)
You are a herbivore.
You cover ground extremely quickly.
You need consume almost no food.


Message History

You start resting.
Casting: Ensorcelled Hibernation
Confirm with . or Enter, or press ? or * to list all spells.
Aiming: Ensorcelled Hibernation
Press: ? - help, Shift-Dir - straight line, f - two-headed ogre
Aim: a two-headed ogre, wielding two giant clubs (hasn't noticed you, chance to defeat MR: 28%)
The two-headed ogre shouts in stereo!
The two-headed ogre easily resists.
Casting: Ensorcelled Hibernation
Confirm with . or Enter, or press ? or * to list all spells.
Aiming: Ensorcelled Hibernation
Press: ? - help, Shift-Dir - straight line, f/p - two-headed ogre
Aim: a two-headed ogre, wielding two giant clubs (chance to defeat MR: 28%)
The two-headed ogre looks drowsy...
The helpless two-headed ogre fails to defend itself.
You impale the two-headed ogre!!
The two-headed ogre is poisoned.
The two-headed ogre is heavily wounded.
The two-headed ogre hits you with a giant club!!
Ouch! That really hurt!
You die...

## .# # #.# ##.##..# #.#
#.....# #.# #)#
########.# ##.# ###.
.........# ##..# .....
.........#####..##.....#
.........#......@O......
..............####.....#
.........###.## ....#
.........###.# ....
.........##..# ...
###..........# ....
#..........# .....
#.......)..# #..#
#..........# #..#


You could see a two-headed ogre.

Vanquished Creatures
  A jelly (D:3)
  A hound (D:2)
  An orc wizard (D:4)
  Jessica (D:2)
  A worker ant (D:4)
  Robin (D:3)
  4 adders
  2 worms (D:2)
  A dart slug (D:2)
  4 leopard geckos
  2 orcs (D:4)
  11 bats
  2 giant cockroaches
  9 hobgoblins
  3 quokkas
  8 frilled lizards
  11 goblins
  10 kobolds
  8 rats
81 creatures vanquished.

Vanquished Creatures (others)
  A goblin (D:3)
1 creature vanquished.

Grand Total: 82 creatures vanquished

Notes
Turn   | Place    | Note
-------+----------+-------------------------------------------
     0 | D:1      | grindst0ne the Spriggan Enchanter began the quest for the Orb.
     0 | D:1      | Reached XP level 1. HP: 9/9 MP: 5/5
   422 | D:1      | Reached XP level 2. HP: 11/13 MP: 6/6
   436 | D:1      | Learned a level 2 spell: Ensorcelled Hibernation
   630 | D:1      | Reached skill level 5 in Stealth
  1441 | D:2      | Reached XP level 3. HP: 14/16 MP: 8/8
  1448 | D:2      | Noticed Jessica
  1457 | D:2      | Killed Jessica
  1457 | D:2      | Reached skill level 6 in Stealth
  1865 | D:2      | Reached XP level 4. HP: 21/21 MP: 3/9
  1870 | D:2      | Reached skill level 5 in Hexes
  2133 | D:2      | Found a burning altar of Makhleb.
  2352 | D:3      | Reached skill level 7 in Stealth
  2372 | D:3      | Found a stormy altar of Qazlal.
  2468 | D:3      | Reached XP level 5. HP: 17/24 MP: 7/10
  3398 | D:4      | Noticed Robin
  3425 | D:3      | Killed Robin
  3601 | D:4      | Noticed a two-headed ogre
  4048 | D:4      | Reached skill level 8 in Stealth
  4048 | D:4      | Reached XP level 6. HP: 28/28 MP: 6/11
  4089 | D:4      | Slain by a two-headed ogre

Skill      XL: |  1  2  3  4  5 |
---------------+----------------+-----
Hexes          | 4 5 6 |  6.3
Stealth        | 5 6 7 8 |  8.0
Short Blades   | |  1.1
Dodging        | |  3.0
Spellcasting   | |  2.6

Action                   |  1- 3 |  4- 6 || total
-------------------------+-------+-------++-------
Melee: Dagger            |   105 |    64 ||   169
 Cast: Corona            |     3 |       ||     3
       Ensorcelled Hiber |    23 |    46 ||    69
  Use: Scroll            |       |     9 ||     9
 Stab: Sleeping          |    22 |    39 ||    61
  Eat: Ration            |       |     2 ||     2
Armor: Robe              |    17 |     9 ||    26
Dodge: Dodged            |    90 |    54 ||   144
Block: Other             |     1 |     6 ||     7
       Reflection        |       |     1 ||     1
